Map: 나이트쉐이드 - 래더

Players

LiquidClem (Clem) - Winner!

  • Race: Terran Terran
  • League: Master
  • Spawn Location: 5:00

SouLeer

  • Race: Zerg Zerg
  • Spawn Location: 11:00

VOD

Have the link to the VOD?

Description

Time

  • Played on: May 6, 2020, 12:51 p.m.
  • Length: 7:48
Show
View Real Time Build Order
Export as new Build Order

LiquidClem Terran - Winner!

Build Orders: Reaper Expand, Hellion Banshee 

Get SALT Encoding   

  12  0:00  SCV  
  13  0:12  SCV  
  14  0:17  Supply Depot  
  14  0:25  SCV  
  15  0:38  SCV  
  15  0:40  Barracks  
  16  0:44  Refinery  
  16  0:50  SCV  
  17  1:03  SCV  
  18  1:15  SCV  
  19  1:27  Reaper, Orbital Command  
  20  1:39  Command Center  
  20  1:49  Supply Depot  
  20  1:53  SCV  
  21  1:59  Marine  
  22  2:05  SCV  
  22  2:08  Factory  
  23  2:17  Refinery, SCV  
  24  2:22  Barracks Reactor  
  24  2:29  SCV  
  25  2:41  SCV  
  26  2:53  SCV  
  26  2:54  Orbital Command, Starport  
  27  3:03  Hellion  
  27  3:04  Hellion  
  31  3:05  SCV  
  32  3:13  Barracks Tech Lab, Supply Depot  
  32  3:17  SCV  
  33  3:20  SCV  
  33  3:25  Hellion x2  
  38  3:30  SCV  
  38  3:32  SCV  
  40  3:37  Supply Depot  
  40  3:38  Banshee, Cloaking Field  
  43  3:43  SCV  
  43  3:44  SCV  
  45  3:49  Hellion  
  45  3:50  Hellion  
  45  3:54  Barracks Tech Lab  
  49  3:57  SCV x2  
  51  4:09  SCV x2  
  53  4:12  Hellion  
  53  4:17  Command Center  
  52  4:21  SCV x2  
  52  4:23  Banshee  
  55  4:29  Stimpack  
  55  4:30  Marine  
  56  4:36  Barracks  
  56  4:38  Barracks  
  56  4:40  SCV  
  56  4:42  SCV  
  58  4:47  Factory Reactor, Supply Depot  
  58  4:48  Marine  
  59  4:53  SCV  
  59  4:59  Engineering Bay  
  60  5:00  Engineering Bay  
  60  5:03  SCV  
  60  5:05  SCV  
  60  5:06  Supply Depot  
  62  5:07  Refinery  
  62  5:08  Marine  
  62  5:09  Refinery  
  63  5:15  SCV  
  63  5:16  Starport Reactor  
  63  5:17  SCV  
  65  5:26  Marine  
  65  5:27  SCV  
  67  5:32  Terran Infantry Weapons Level 1, Terran Infantry Armor Level 1, Orbital Command  
  67  5:34  Barracks x2  
  67  5:37  Marine x3  
  67  5:40  Marine  
  71  5:43  SCV x2  
  71  5:44  Marine  
  71  5:49  Siege Tank  
  77  5:53  Orbital Command  
  77  5:55  SCV  
  70  5:58  Marine x2  
  70  5:59  Medivac x2  
  70  6:04  Marine x2, SCV  
  75  6:10  Supply Depot  
  77  6:11  Marine  
  77  6:12  Armory  
  77  6:13  SCV  
  77  6:16  Marine x2  
  77  6:17  SCV  
  82  6:23  SCV  
  82  6:25  Marine x2  
  84  6:26  Barracks Reactor x2, Supply Depot  
  84  6:29  Marine  
  84  6:31  Siege Tank  
  89  6:34  Marine  
  89  6:39  Marine, SCV x2  
  93  6:43  SCV  
  93  6:45  Marine x2  
  90  6:49  Marine, Supply Depot  
  90  6:51  SCV, Supply Depot  
  90  6:52  Marine, SCV  
  94  6:57  Marine, Supply Depot  
  94  6:59  SCV  
  96  7:01  Marine x2  
  96  7:02  Marine x3  
  96  7:03  SCV  
  102  7:10  Medivac x2  
  101  7:15  Marine  
  101  7:16  Marine  
  101  7:17  Marine x2  
  101  7:19  Marine, SCV  
  101  7:20  SCV  
  101  7:22  SCV  
  108  7:28  Barracks x2  
  108  7:29  Barracks  
  108  7:30  Supply Depot  
  108  7:33  SCV  
Show
View Real Time Build Order
Export as new Build Order

SouLeer Zerg 

Build Orders: Hatch First 

Get SALT Encoding   

  12  0:02  Drone  
  13  0:13  Overlord  
  13  0:17  Drone  
  14  0:31  Drone x2  
  16  0:50  Hatchery  
  16  0:53  Drone  
  16  0:56  Drone  
  17  0:59  Drone  
  18  1:11  Extractor  
  17  1:15  Spawning Pool  
  17  1:18  Drone  
  17  1:23  Drone  
  18  1:29  Drone  
  19  1:40  Drone  
  20  1:50  Overlord  
  20  2:02  Queen x2  
  20  2:03  Zergling x4  
  26  2:20  Hatchery  
  26  2:22  Drone  
  26  2:28  Drone  
  27  2:32  Drone x2  
  27  2:36  Overlord  
  28  2:43  Metabolic Boost  
  28  2:45  Drone  
  29  2:52  Drone x2  
  29  2:55  Queen  
  33  2:58  Drone  
  33  3:01  Drone  
  35  3:06  Drone  
  35  3:08  Drone  
  37  3:14  Drone x3  
  37  3:19  Overlord  
  40  3:22  Drone  
  40  3:25  Queen  
  43  3:28  Drone  
  43  3:32  Drone x2  
  46  3:39  Zergling x4  
  48  3:42  Queen  
  48  3:44  Zergling x2  
  50  3:48  Lair  
  50  3:50  Zergling x2  
  50  3:51  Zergling x2  
  50  3:54  Zergling x2  
  51  4:03  Evolution Chamber  
  51  4:06  Drone x3  
  51  4:09  Overlord  
  52  4:12  Overlord  
  51  4:17  Spore Crawler  
  51  4:18  Baneling Nest  
  51  4:19  Spore Crawler  
  51  4:20  Drone  
  49  4:24  Spore Crawler  
  49  4:27  Drone  
  49  4:30  Zergling x2  
  50  4:32  Zergling x4  
  50  4:38  Queen, Zergling x4  
  54  4:41  Drone  
  54  4:43  Queen  
  59  4:46  Drone  
  59  4:48  Drone x2  
  59  4:50  Overseer  
  62  4:54  Drone x2  
  62  4:58  Drone x2  
  65  5:02  Extractor  
  65  5:04  Extractor, Zergling x4  
  65  5:09  Centrifical Hooks  
  65  5:12  Overlord  
  65  5:15  Extractor  
  65  5:17  Drone  
  65  5:18  Overlord  
  65  5:28  Zergling x10  
  62  5:31  Spore Crawler  
  63  5:38  Zergling x6  
  63  5:40  Drone x2  
  66  5:43  Drone x4  
  66  5:47  Drone x3  
  70  5:50  Drone x2  
  70  5:51  Drone  
  70  5:54  Drone x2  
  69  5:59  Drone  
  69  6:02  Drone  
  70  6:04  Evolution Chamber x2  
  70  6:06  Drone  
  70  6:10  Zergling x2  
  70  6:15  Drone x2  
  72  6:19  Drone  
  72  6:22  Drone  
  74  6:27  Zergling x6  
  74  6:28  Zergling x2  
  74  6:32  Overlord  
  78  6:34  Drone x3  
  78  6:35  Drone  
  81  6:40  Drone  
  81  6:44  Extractor, Drone  
  81  6:45  Extractor  
  81  6:46  Drone  
  82  6:51  Baneling x7  
  82  6:52  Drone  
  82  6:55  Drone x3  
  82  6:57  Zergling x2, Baneling x2  
  82  6:58  Zergling x4  
  89  7:04  Overlord x2  
  83  7:17  Overlord  
  83  7:21  Zergling x4  
  80  7:24  Zergling x6  
  80  7:25  Zergling x12  
  80  7:29  Zergling x2  
  90  7:30  Zergling x2  
Tags
 
Add a new tag
Caveats
  • Supply blocks, unpowered buildings, or Contaminate may cause inaccurate times.
  • Supply counts are checked every 10 seconds.